 Dungeon Crawl Stone Soup version 0.28.0-53-g5a82cb258f (webtiles) character file.

Game seed: 13553239378958690394

2794 nickcage the Carver (level 9, 0/67 HPs)
             Began as a Palentonga Monk on June 21, 2022.
             Was a Believer of the Shining One.
             Killed from afar by Erica (13 damage)
             ... with a lance of force
             ... on level 8 of the Dungeon.
             The game lasted 00:23:37 (9741 turns).

nickcage the Carver (Palentonga Monk)               Turns: 9741, Time: 00:23:38

Health: 0/67       AC: 16    Str: 25    XL:     9   Next: 43%
Magic:  9/9        EV:  6    Int: 10    God:    the Shining One [**....]
Gold:   273        SH:  0    Dex: 13    Spells: 8/8 levels left

rFire   . . .      SeeInvis +   j - +1 long sword (vorpal)
rCold   . . .      Faith    .   (no shield)
rNeg    + . .      Spirit   .   d - +1 chain mail
rPois   +          Reflect  .   (no helmet)
rElec   .          Harm     .   (no cloak)
rCorr   .          Rampage  .   x - +0 pair of gloves
Will    .....                   (no barding)
Stlth   ..........              (no amulet)
HPRegen 0.21/turn               h - ring of poison resistance
MPRegen 0.11/turn               m - +6 ring of strength

@: glowing, curled up
A: large, rugged brown scales 3, see invisible, deformed body, roll 1, armoured
tail, reflexive curl
a: Rolling Charge, Renounce Religion, Divine Shield


You were on level 8 of the Dungeon.
You worshipped the Shining One.
The Shining One was pleased with you.
You visited 2 branches of the dungeon, and saw 9 of its levels.
You also visited: Ossuary.

You collected 354 gold pieces.
You spent 81 gold pieces at shops.

Inventory:

Hand Weapons
 a - a +0 falchion
 j - a +1 vorpal long sword (weapon)
Missiles
 l - 4 throwing nets
 o - 4 poisoned darts
Armour
 b - a +0 robe
 d - a +1 chain mail (worn)
 x - a +0 pair of gloves (worn)
Jewellery
 h - a ring of poison resistance (left hand)
 m - a +6 ring of strength (right hand)
 p - a +6 ring of dexterity
 D - a ring of positive energy
 F - a +6 ring of dexterity
Wands
 E - a wand of charming (9)
Scrolls
 k - 2 scrolls of amnesia
 n - 4 scrolls of teleportation
 u - 2 scrolls of fog
 w - a scroll of enchant weapon
 y - a scroll of silence
 B - a scroll of blinking
Potions
 c - 3 potions of cancellation
 e - 4 potions of degeneration
 f - 2 potions of flight
 g - a potion of attraction
 i - a potion of brilliance
 q - 2 potions of lignification
 r - 2 potions of curing {unknown}
 s - a potion of ambrosia {unknown}
 t - 2 potions of invisibility {unknown}
 v - 3 potions of might
 z - a potion of berserk rage {unknown}
 A - a potion of magic {unknown}
 C - a potion of heal wounds {unknown}
 G - a potion of haste {unknown}


   Skills:
 - Level 3.0 Fighting
 + Level 13.2 Long Blades
 - Level 2.4 Dodging
 - Level 1.2 Stealth


You had 8 spell levels left.
You didn't know any spells.
Your spell library contained the following spells:

 Spells                   Type           Power      Damage    Failure   Level
 Freeze                   Ice            0%         1d3       96%         1
 Summon Small Mammal      Summ           0%         N/A       96%         1
 Scorch                   Fire           0%         2d5       99%         2
 Static Discharge         Conj/Air       0%         N/A       99%         2
 Call Canine Familiar     Summ           0%         N/A       100%        3
 Frozen Ramparts          Ice            0%         1d2       100%        3
 Ozocubu's Armour         Ice            0%         N/A       100%        3
 Summon Guardian Golem    Hex/Summ       0%         N/A       100%        3
 Flame Wave               Conj/Fire      0%         2d4       100%        4
 Hailstorm                Conj/Ice       0%         3d3       100%        4
 Lightning Bolt           Conj/Air       0%         1d11      100%        5
 Summon Cactus Giant      Summ           0%         N/A       100%        6
 Orb of Destruction       Conj           0%         9d5       100%        7
 Ozocubu's Refrigeration  Ice            0%         4d5       100%        7
 Spellforged Servitor     Conj/Summ      0%         N/A       100%        7
 Maxwell's Capacitive Co  Air            0%         ∞         100%        8


Dungeon Overview and Level Annotations

Branches:
Dungeon (8/15)             Temple (1/1) D:6         Ossuary (visited)
   Lair: D:8-11

Altars:
Ashenzari
Cheibriados
Dithmenos
Elyvilon
Fedhas
Gozag
Hepliaklqana
Kikubaaqudgha
Nemelex Xobeh
Okawaru
Sif Muna
Trog
Uskayaw
Vehumet
Xom
Yredelemnul
Zin
The Shining One

Shops:
D:2 *   D:3 *

Annotations:
D:8 Erica


Innate Abilities, Weirdness & Mutations

You are completely covered in rugged brown scales. (AC +3, +7% HP)
You have supernaturally acute eyesight. (SInv)
Armour fits poorly on your strangely shaped body.
You can roll at nearby foes to attack.
You have a long armoured tail.
You curl defensively after being hit. (AC +7*)


Message History

There are monsters nearby!
Roll where?
Press: ? - help, Dir - move target, f/p - Erica
Aim: Erica, wielding a +2 scimitar of flaming and wearing a +0 robe You roll forward with a clatter of scales!
You slash Erica!
Erica is moderately wounded.
Erica closely misses you. The water moccasin bites you.
You hit Erica.
Erica is moderately wounded.
The water moccasin bites you. Erica casts a spell at you.
The bolt of poison hits you. You resist.
You slash Erica! You tail-slap Erica, but do no damage.
Erica is heavily wounded.
The water moccasin bites you but does no damage.
Erica hits you with a +2 scimitar of flaming!
Erica burns you.
You barely miss Erica.
Erica is heavily wounded.
The water moccasin bites you but does no damage.
Erica hits you with a +2 scimitar of flaming.
Erica burns you.
You hit Erica.
Erica is heavily wounded.
The water moccasin bites you.
You hit Erica.
Erica is severely wounded.
The water moccasin barely misses you.
Erica hits you with a +2 scimitar of flaming!
* * * LOW HITPOINT WARNING * * *
Erica burns you.
* * * LOW HITPOINT WARNING * * *
You hit Erica.
Erica is severely wounded.
The water moccasin bites you.
* * * LOW HITPOINT WARNING * * *
Erica points at you and mumbles some strange words.
The lance of force hits you!
You die...

#...............
#.######..#####
#.#.......#
#.#.###...#
#.#.#.#.).#
#.#.#<#...#
#######.#.#.#...#####
............S..>.....
..#####.#.#@#...#####
#.#)#@#........
#.#.#(#.....###
#.#...#........
#.#####.)...### #..
#.....# ... #.....#
... #....y.


You could see Erica and a water moccasin.

Vanquished Creatures
  A wyvern (D:6)
  Sigmund (D:5)
  An acid dragon (D:8)
  2 sky beasts
  An ice beast (D:6)
  7 ogres
  A centaur (D:7)
  A bullfrog (D:6)
  3 water moccasin zombies
  6 killer bees
  3 vampire bats (D:3)
  2 jellies (D:5)
  A bullfrog zombie (D:6)
  An orc priest (D:6)
  A gnoll shaman (D:5)
  A bullfrog skeleton (D:4)
  A centaur skeleton (D:4)
  5 iguanas
  4 orc wizards
  A killer bee zombie (D:7)
  3 hound skeletons (D:4)
  2 mummies (Ossuary)
  9 gnolls
  4 adders
  A shadow imp (D:5)
  3 white imps
  An ufetubus (D:7)
  2 adder skeletons (D:4)
  5 adder zombies (Ossuary)
  3 worms
  4 dart slugs
  13 orcs
  10 ball pythons
  7 endoplasms
  3 giant cockroaches
  5 goblins
  10 hobgoblins
  5 jackals
  6 kobolds
  4 quokkas
  11 bats
  2 frilled lizards
  2 gnoll zombies (Ossuary)
  6 hobgoblin zombies (Ossuary)
  6 kobold zombies (Ossuary)
  6 orc zombies (Ossuary)
  4 rats
181 creatures vanquished.

Notes
Turn   | Place    | Note
-------+----------+-------------------------------------------
     0 | D:1      | nickcage the Palentonga Monk began the quest for the Orb.
     0 | D:1      | Reached XP level 1. HP: 19/19 MP: 1/1
   290 | D:1      | Found a faded altar of an unknown god.
   330 | D:1      | Reached XP level 2. HP: 23/25 MP: 2/2
   515 | D:1      | Reached skill level 4 in Long Blades
   942 | D:2      | Reached XP level 3. HP: 11/31 MP: 3/3
  1662 | D:2      | Found Jugaucvia's Assorted Antiques.
  1685 | D:2      | Bought a scroll labelled JOTREJ ZYIVVU for 25 gold pieces
  2166 | D:3      | Found Ocsib's General Store.
  2177 | D:2      | Reached skill level 5 in Long Blades
  2177 | D:2      | Reached XP level 4. HP: 20/37 MP: 4/4
  2687 | D:3      | Bought a scroll of identify for 28 gold pieces
  2687 | D:3      | Bought 5 poisoned darts for 28 gold pieces
  2715 | D:3      | Noticed a sky beast
  2725 | D:3      | Killed a sky beast
  2726 | D:3      | Reached skill level 6 in Long Blades
  2726 | D:3      | Reached XP level 5. HP: 34/43 MP: 5/5
  2829 | D:3      | Noticed an ogre
  2842 | D:3      | Killed an ogre
  2843 | D:3      | Reached XP level 6. HP: 17/50 MP: 6/6
  3150 | D:2      | Reached skill level 7 in Long Blades
  3610 | D:4      | Found a sand-covered staircase.
  3625 | Ossuary  | Entered an ossuary
  3775 | Ossuary  | Reached skill level 8 in Long Blades
  3775 | Ossuary  | Gained mutation: You curl defensively after being hit. (AC
                  | +7*) [Palentonga growth]
  3775 | Ossuary  | Reached XP level 7. HP: 29/55 MP: 7/7
  4492 | D:4      | Reached skill level 9 in Long Blades
  5576 | D:5      | Entered Level 5 of the Dungeon
  5649 | D:5      | Reached skill level 10 in Long Blades
  5649 | D:5      | Reached XP level 8. HP: 62/62 MP: 8/8
  5654 | D:5      | Noticed Sigmund
  5661 | D:5      | Killed Sigmund
  7142 | D:6      | Reached skill level 11 in Long Blades
  7652 | D:6      | Identified the +3 leather armour "Utiarch" {rPois rF- Str+7
                  | Dex+3}
  7690 | D:6      | Found a staircase to the Ecumenical Temple.
  7699 | Temple   | Entered the Ecumenical Temple
  7767 | Temple   | Became a worshipper of the Shining One
  7767 | Temple   | Reached * piety under the Shining One
  7767 | Temple   | Reached ** piety under the Shining One
  8073 | D:6      | Reached skill level 12 in Long Blades
  8090 | D:6      | Reached XP level 9. HP: 67/67 MP: 9/9
  8492 | D:7      | Found a sparkling altar of Nemelex Xobeh.
  9110 | D:8      | Reached skill level 13 in Long Blades
  9123 | D:7      | HP: 3/67 [poisoned by a killer bee]
  9479 | D:8      | Noticed Erica
  9741 | D:8      | Killed from afar by Erica

Illustrated notes

Levels and vault maps discovered:
D:1:      giann_horns, layout_loops_ring, dreamdust_ecumenical_altar_grove,
          st_stairs_14, chequers_mini_garden
D:2:      layout_basic, serial_shops, shop
D:3:      layout_rooms, serial_shops, shop_fountains, roderic_batcave,
          hangedman_decor_growths
D:4:      minmay_octagon_keep, layout_layer_cave, enter_ossuary_1
D:5:      layout_gridville, uniq_sigmund
D:6:      layout_loops_ring, temple_fountains, kennysheep_generic_room_7
D:7:      layout_loops_ring, nemelex_dance_club_becter
D:8:      layout_basic, uniq_joseph, uniq_erica, uniq_grum
Temple:   regret_index_temple_sigil_plot

Skill      XL: |  1  2  3  4  5  6  7  8  9 |
---------------+----------------------------+-----
Long Blades    | 4 5 6 8 10 12 13 | 13.2
Fighting       | |  3.0
Dodging        | |  2.4
Stealth        | |  1.2

Action                   |  1- 3 |  4- 6 |  7- 9 || total
-------------------------+-------+-------+-------++-------
Melee: Falchion          |    57 |       |       ||    57
       Tailslap          |    10 |    12 |    39 ||    61
       Long sword        |    53 |   143 |   298 ||   494
       Punch             |       |     4 |     2 ||     6
Throw: Dart              |       |     6 |     6 ||    12
       Throwing net      |       |       |     2 ||     2
 Abil: Rolling Charge    |    14 |     8 |    27 ||    49
  Use: Scroll            |     5 |     2 |    12 ||    19
Armor: Robe              |    30 |       |       ||    30
       Chain mail        |    26 |   106 |   127 ||   259
Dodge: Dodged            |    46 |    63 |    76 ||   185
